Map: King Sejong Station LE

Players

bappwest

  • Race: Terran Terran
  • League: Silver

Gracz - Winner!

  • Race: Zerg Zerg
  • League: Silver

VOD

Have the link to the VOD?

Description

Time

  • Played on: Oct. 12, 2016, 1:06 p.m.
  • Length: 29:25
Show
View Real Time Build Order
Export as new Build Order

bappwest Terran 

Build Orders:  

Get SALT Encoding   

  12  0:28  SCV  
  13  0:40  SCV  
  14  0:53  SCV  
  15  1:14  Supply Depot  
  15  1:19  Refinery  
  15  1:36  SCV  
  16  1:48  SCV  
  17  1:57  Barracks  
  17  2:00  SCV  
  18  2:06  Barracks  
  18  2:12  SCV  
  19  2:20  Supply Depot  
  19  2:24  SCV  
  20  2:36  SCV  
  21  2:48  SCV  
  21  2:51  Marine  
  21  2:57  Factory  
  22  2:59  Marine  
  22  3:01  SCV  
  24  3:09  Marine  
  25  3:13  SCV  
  25  3:16  Marine  
  27  3:27  Marine  
  28  3:34  Marine  
  29  3:45  Marine  
  30  3:49  Bunker  
  30  3:52  Marine  
  30  3:53  Factory Tech Lab  
  31  3:59  Refinery  
  31  4:15  Engineering Bay  
  31  4:25  Supply Depot  
  31  4:45  Barracks Reactor  
  31  4:46  Bunker  
  31  4:47  Cyclone, Marine  
  31  4:48  Missile Turret  
  36  4:53  Supply Depot  
  36  5:04  Marine  
  37  5:07  Factory  
  37  5:16  Supply Depot  
  37  5:19  Cyclone  
  41  5:22  Marine  
  42  5:28  Marine  
  42  5:29  Marine  
  44  5:40  Marine  
  45  5:46  Marine  
  45  5:47  Missile Turret  
  46  5:51  Cyclone  
  46  5:54  Factory Tech Lab  
  46  5:55  Mag-Field Accelerator  
  46  5:57  Missile Turret  
  50  5:58  Orbital Command  
  50  6:03  Barracks Tech Lab  
  42  6:56  Cyclone x2  
  50  7:09  Bunker  
  50  7:13  Marauder  
  50  7:15  Concussive Shells  
  52  7:17  Bunker  
  52  7:23  Marine x2  
  54  7:41  Marine  
  55  7:51  Missile Turret  
  55  7:57  Marine  
  55  8:01  Cyclone  
  55  8:06  Cyclone  
  55  8:31  Command Center  
  55  9:14  Supply Depot  
  55  9:27  Refinery  
  55  9:28  Combat Shields  
  55  9:35  Marine x2, Siege Tank  
  55  9:36  Supply Depot, Marauder  
  62  9:43  Missile Turret, Siege Tank  
  65  9:51  Orbital Command  
  65  9:53  Marine x2  
  65  9:59  Supply Depot  
  67  10:07  Widow Mine  
  69  10:14  Widow Mine  
  71  10:22  Supply Depot  
  71  10:23  Marine x2  
  71  10:24  Missile Turret  
  71  10:26  Starport  
  73  10:35  Widow Mine  
  73  10:41  Marine x2  
  77  10:43  Widow Mine  
  77  10:45  Missile Turret  
  79  11:12  Starport Reactor  
  79  11:14  Supply Depot  
  79  11:17  Supply Depot  
  79  11:22  Armory  
  77  11:50  Marine x2  
  77  11:51  Marauder  
  81  12:07  Marine  
  81  12:08  Marine  
  82  12:12  SCV  
  82  12:13  Marauder  
  86  12:25  Marine, SCV  
  86  12:26  Marine  
  86  12:29  Refinery  
  89  12:34  Marauder  
  89  12:36  Widow Mine x2  
  96  12:37  SCV  
  96  12:43  Marine  
  97  12:49  SCV  
  98  12:55  Marauder  
  100  13:04  Widow Mine  
  102  13:08  Missile Turret  
  82  13:49  Marine x2, Marauder  
  82  13:52  Widow Mine  
  82  13:53  Widow Mine  
  90  14:07  Marine x2  
  92  14:10  Marauder  
  92  14:13  Missile Turret  
  94  14:21  Widow Mine x2  
  96  14:25  Marine x2  
  96  14:31  Marine  
  97  14:43  Marine  
  98  14:49  Widow Mine  
  98  14:50  Widow Mine  
  102  14:55  Marine x2  
  102  14:57  Terran Vehicle Weapons Level 1  
  104  15:00  Marine, Armory  
  105  15:09  Missile Turret  
  105  15:18  Widow Mine x2  
  105  15:21  Missile Turret  
  109  15:25  Refinery  
  109  15:31  Missile Turret  
  111  15:43  Marauder  
  111  15:44  Stimpack  
  111  15:45  Terran Infantry Weapons Level 1  
  111  15:50  Engineering Bay  
  111  15:51  Terran Vehicle And Ship Armor Level 1  
  113  16:04  Missile Turret, Marauder  
  113  16:16  Orbital Command  
  113  16:37  Viking x2  
  113  17:07  Viking x2  
  117  17:10  Missile Turret  
  108  17:37  Viking x2  
  91  18:07  Viking  
  83  18:25  Missile Turret  
  83  18:26  Missile Turret  
  79  18:34  Missile Turret  
  68  19:01  Siege Tank  
  71  19:08  Viking  
  71  19:09  Viking  
  67  19:33  Siege Tank  
  67  19:34  Missile Turret  
  69  19:38  Viking  
  69  19:39  Viking  
  71  19:51  Marine x2  
  71  19:52  Marine  
  67  20:03  Orbital Command  
  67  20:05  Siege Tank  
  70  20:08  Viking  
  70  20:09  Marine x2, Viking  
  70  20:10  Marine  
  77  20:16  Missile Turret  
  77  20:20  SCV  
  78  20:26  Marine  
  78  20:27  Marine x2  
  79  20:37  Siege Tank  
  79  20:38  Viking  
  79  20:39  Viking  
  76  20:57  Widow Mine  
  76  21:09  Widow Mine  
  76  21:26  Widow Mine  
  76  21:27  SCV  
  79  21:39  SCV  
  80  21:51  SCV  
  78  22:03  SCV  
  79  22:09  Widow Mine x2  
  72  22:38  Widow Mine  
  72  22:40  SCV  
  70  22:52  SCV  
  63  23:03  Viking x2  
  67  23:07  Terran Ship Weapons Level 1  
  43  23:49  Viking  
  43  23:50  Viking  
  47  24:01  SCV  
  48  24:19  Viking  
  48  24:20  Viking, Widow Mine x2  
  56  24:25  Missile Turret  
  51  24:47  Missile Turret  
  51  24:48  Widow Mine  
  51  24:49  Viking, Widow Mine  
  57  25:07  Viking  
  59  25:17  Widow Mine  
  59  25:19  Viking  
  63  25:25  Supply Depot  
Show
View Real Time Build Order
Export as new Build Order

Gracz Zerg - Winner!

Build Orders: Pool First, Lurkers 

Get SALT Encoding   

  12  0:01  Drone  
  13  0:17  Drone  
  13  0:19  Overlord  
  14  0:39  Spawning Pool  
  14  0:41  Drone x2  
  15  0:49  Drone  
  16  0:55  Drone  
  17  1:01  Extractor  
  17  1:02  Drone  
  17  1:22  Drone  
  18  1:26  Hatchery  
  18  1:31  Zergling x2  
  18  1:37  Drone  
  18  1:39  Queen  
  21  1:46  Zergling x2  
  22  1:58  Overlord  
  22  2:17  Zergling x2  
  22  2:20  Zergling x2  
  24  2:30  Zergling x2  
  25  2:38  Zergling x2  
  26  2:45  Metabolic Boost  
  25  3:20  Zergling x4  
  25  3:21  Zergling x16  
  33  3:43  Roach Warren  
  33  3:46  Extractor  
  33  3:47  Drone x4  
  35  3:50  Overlord  
  35  4:01  Zergling x2  
  36  4:08  Queen  
  38  4:10  Overlord x2  
  38  4:18  Drone x4  
  42  4:28  Roach  
  42  4:29  Roach  
  46  4:31  Drone  
  47  4:50  Roach x4  
  55  5:05  Roach x2  
  59  5:07  Overlord  
  59  5:26  Overlord x2  
  59  5:32  Overlord x2  
  59  5:39  Ravager  
  59  5:42  Overlord x2  
  60  6:04  Hatchery  
  32  6:54  Roach x11  
  50  7:05  Roach  
  50  7:06  Roach  
  54  7:09  Queen  
  56  7:19  Drone x3  
  59  7:35  Drone  
  59  7:36  Drone x2  
  62  7:39  Drone  
  62  7:40  Drone  
  64  7:49  Lair  
  40  8:13  Roach  
  40  8:14  Roach x7  
  56  8:24  Drone  
  56  8:25  Drone x4  
  61  8:38  Drone  
  61  8:39  Drone x6  
  68  8:46  Roach  
  70  9:01  Hydralisk Den  
  69  9:04  Infestation Pit  
  69  9:09  Spire  
  67  9:36  Lurker Den  
  67  9:37  Drone  
  67  9:38  Drone x8  
  76  9:44  Hive  
  76  9:55  Extractor  
  76  9:59  Extractor x2  
  73  10:01  Extractor  
  72  10:23  Mutalisk x5  
  82  10:37  Drone x4  
  86  10:47  Corruptor x2  
  90  10:52  Corruptor  
  92  11:06  Hydralisk x3  
  98  11:33  Corruptor x3  
  98  11:34  Corruptor  
  98  11:37  Hydralisk x2  
  111  11:47  Lurker  
  111  11:48  Drone x3  
  114  11:56  Overlord x3  
  96  12:10  Corruptor  
  96  12:11  Corruptor x3  
  102  12:16  Lurker  
  103  12:29  Drone x4  
  107  12:35  Hatchery  
  106  12:44  Lurker  
  106  12:45  Lurker x2  
  109  12:55  Overlord x4  
  109  13:04  Greater Spire  
  107  13:35  Hydralisk x7  
  107  13:36  Roach x2  
  107  13:37  Roach x5  
  135  13:50  Overseer x3  
  135  13:59  Drone x8  
  135  14:00  Drone x2  
  145  14:28  Corruptor x5  
  145  14:29  Mutalisk, Corruptor x4  
  145  14:30  Mutalisk  
  167  14:39  Extractor  
  167  14:41  Extractor  
  165  14:45  Queen  
  165  14:46  Queen x3  
  173  15:02  Brood Lord, Overlord x2  
  173  15:03  Overlord x2  
  175  15:45  Overseer  
  175  15:55  Mutalisk x3  
  175  15:56  Corruptor x4  
  189  15:57  Viper x2  
  189  16:03  Brood Lord  
  197  16:06  Brood Lord  
  149  18:55  Brood Lord x4  
  157  18:56  Brood Lord x3  
  150  21:17  Hydralisk  
  150  21:18  Hydralisk x12  
  140  21:19  Roach  
  140  21:20  Roach  
  145  23:51  Drone  
  146  24:00  Overseer x3  
  146  24:05  Overseer x3  
  146  24:15  Lurker  
  147  24:18  Overlord  
  147  24:19  Overlord x4  
  147  24:45  Lurker x5  
  152  24:51  Ultralisk Cavern  
Tags
 
Add a new tag
Caveats
  • Supply blocks, unpowered buildings, or Contaminate may cause inaccurate times.
  • Supply counts are checked every 10 seconds.